 Dungeon Crawl Stone Soup version 0.24.0-123-gd5b16e6ec5 (webtiles) character file.

Game seed: 11653937956240052333, levelgen mode: deterministic

117621 McKennaii the Eclecticist (level 16, -26/124 HPs)
             Began as a Yellow Draconian Conjurer on Jan 19, 2020.
             Was an Elder of Sif Muna.
             Shot with an arrow by Vashnia (32 damage)
             ... on level 3 of the Snake Pit.
             The game lasted 02:29:43 (56822 turns).

McKennaii the Eclecticist (DrCj)                   Turns: 56822, Time: 02:29:43

Health: -26/124    AC: 16    Str: 20    XL:     16   Next: 23%
Magic:  2/38       EV: 17    Int: 20    God:    Sif Muna [****..]
Gold:   2286       SH:  9    Dex: 14    Spells: 25/51 levels left

rFire    + . .     SeeInvis .   J - +9 mace "Mupomiuz" {freeze, rPois rC- Str+7}
rCold    x . .     Gourm    .   o - +0 buckler
rNeg     + . .     Faith    .   (armour unavailable)
rPois    +         Spirit   .   s - +2 hat
rElec    +         Reflect  +   H - +2 cloak {MR+}
rCorr    +         Harm     .   u - +0 pair of gloves of the Valley of Death {rElec rF+ Dex+2}
MR       +++..                  I - +0 pair of boots
Stlth    +++.......             L - +4 amulet of reflection
HPRegen  0.30/turn              P - ring of positive energy
MPRegen  0.26/turn              F - ring of protection from magic

@: about to teleport, studying Stealth
A: spit acid, unfitting armour, acidic bite, cold-blooded, acid resistance, AC
+9
a: Breathe Acid, Channel Magic, Forget Spell, Divine Exegesis, Renounce Religion


You were on level 3 of the Snake Pit.
You worshipped Sif Muna.
Sif Muna was greatly pleased with you.
You were not hungry.

You visited 5 branches of the dungeon, and saw 27 of its levels.

You collected 2494 gold pieces.
You spent 208 gold pieces at shops.

Inventory:

Hand Weapons
 C - a +2 flail of protection
 J - the +9 mace "Mupomiuz" (weapon) {freeze, rPois rC- Str+7}
   (You found it on level 6 of the Lair of Beasts)

   It has been specially enchanted to freeze those struck by it, causing extra
   injury to most foes and up to half again as much damage against particularly
   susceptible opponents.
   It can also slow down cold-blooded creatures.
   It affects your strength (+7).
   It makes you vulnerable to cold.
   It protects you from poison.
Armour
 o - a +0 buckler (worn)
 s - a +2 hat (worn)
 u - the +0 pair of gloves of the Valley of Death (worn) {rElec rF+ Dex+2}
   (You found it on level 14 of the Dungeon)

   It affects your dexterity (+2).
   It protects you from fire.
   It insulates you from electricity.
 H - a +2 cloak of magic resistance (worn)
 I - a +0 pair of boots (worn)
 O - the +2 shield of Tujud {Str+4}
   (You found it on level 2 of the Lair of Beasts)

   It affects your strength (+4).
Jewellery
 x - an uncursed ring of poison resistance
 F - a ring of protection from magic (right hand)
 L - a +4 amulet of reflection (around neck)
 N - an uncursed ring of ice
 P - a ring of positive energy (left hand)
 Q - an uncursed ring of protection from magic
Wands
 h - a wand of digging (15)
 j - a wand of flame (56)
 r - a wand of random effects (59)
 y - a wand of disintegration (25)
 z - a wand of polymorph (12)
 G - a wand of paralysis (24)
 R - a wand of enslavement (7)
Scrolls
 a - 5 scrolls of teleportation
 c - 16 scrolls of remove curse
 e - 6 scrolls of identify
 f - a scroll of silence
 i - 12 scrolls of amnesia
 p - 6 scrolls of magic mapping
 q - 5 scrolls of enchant weapon
 B - 4 scrolls of holy word
 E - a scroll of enchant armour
 K - 2 scrolls of vulnerability
 V - a scroll of fog
Potions
 d - 2 potions of lignification
 g - a potion of magic
 k - 2 potions of mutation
 l - 5 potions of flight
 m - 3 potions of brilliance
 n - 2 potions of berserk rage
 t - 5 potions of haste
 v - 2 potions of invisibility
 w - 4 potions of curing
 D - a potion of agility
 M - 2 potions of cancellation
 U - a potion of heal wounds
Books
 S - a manual of Stealth
Miscellaneous
 T - a phial of floods
Comestibles
 b - 35 rations


   Skills:
 + Level 6.9 Fighting
 - Level 0.5 Maces & Flails
 + Level 8.6 Dodging
 + Level 4.8 Stealth
 - Level 4.1 Shields
 + Level 18.1 Spellcasting
 + Level 14.2 Conjurations
 - Level 5.0 Summonings
 * Level 8.5 Air Magic
 + Level 1.2 Evocations


You had 25 spell levels left.
You knew the following spells:

 Your Spells              Type           Power        Failure   Level  Hunger
a - Magic Dart            Conj           ####         0%          1    None
b - Force Lance           Conj/Tloc      #####...     1%          4    None
c - Iskenderun's Mystic   Conj           ######..     1%          4    None
d - Lightning Bolt        Conj/Air       ######....   1%          5    ##.....
e - Summon Lightning Spi  Summ/Air       #####...     1%          4    None
f - Chain Lightning       Conj/Air       ######....   88%         8    #######

Your spell library contained the following spells:

 Spells                   Type           Power        Failure   Level  Hunger
 Searing Ray              Conj           ######       0%          2    None
 Flame Tongue             Conj/Fire      #####        1%          1    None
 Shock                    Conj/Air       ####         1%          1    None
 Sting                    Conj/Pois      ####         1%          1    None
 Summon Small Mammal      Summ           ####         1%          1    None
 Call Imp                 Summ           #####...     1%          2    None
 Swiftness                Chrm/Air       #####...     1%          2    None
 Throw Frost              Conj/Ice       #####.       1%          2    None
 Call Canine Familiar     Summ           #####...     1%          3    None
 Conjure Flame            Conj/Fire      #####...     1%          3    None
 Dazzling Spray           Conj/Hex       #####.       1%          3    None
 Mephitic Cloud           Conj/Pois/Air  #####...     1%          3    None
 Fulminant Prism          Conj/Hex       #####.....   1%          4    None
 Animate Skeleton         Necr           N/A          3%          1    None
 Apportation              Tloc           ###...       3%          1    None
 Beastly Appendage        Tmut           ###...       3%          1    None
 Confusing Touch          Hex            ###...       3%          1    None
 Corona                   Hex            ###....      3%          1    None
 Pain                     Necr           ###.         3%          1    None
 Summon Guardian Golem    Hex/Summ       ####....     3%          3    None
 Sticks to Snakes         Tmut           ###.....     4%          2    None
 Irradiate                Conj/Tmut      #####.....   4%          5    ##.....
 Iskenderun's Battlesphe  Conj/Chrm      #####...     4%          5    ##.....
 Confuse                  Hex            ###.....     9%          3    None
 Gell's Gravitas          Tloc           ###.......   9%          3    None
 Ozocubu's Armour         Chrm/Ice       ###.....     9%          3    None
 Regeneration             Chrm/Necr      ###.......   9%          3    None
 Spider Form              Tmut/Pois      ###.......   9%          3    None
 Vampiric Draining        Necr           ###.......   9%          3    None
 Summon Ice Beast         Ice/Summ       ####....     11%         4    None
 Bolt of Magma            Conj/Fire/Erth #####.....   12%         5    ##.....
 Freezing Cloud           Conj/Ice/Air   #####.....   21%         6    ####...
 Bolt of Cold             Conj/Ice       #####.....   26%         6    ####...
 Bolt of Fire             Conj/Fire      #####.....   26%         6    ####...
 Poison Arrow             Conj/Pois      #####.....   26%         6    ####...
 Ice Form                 Ice/Tmut       ###.....     30%         4    None
 Leda's Liquefaction      Hex/Erth       ###.......   30%         4    None
 Petrify                  Tmut/Erth      ###.....     30%         4    None
 Spellforged Servitor     Conj/Summ      ######....   43%         7    ######.
 Shadow Creatures         Summ           N/A          52%         6    ####...
 Blade Hands              Tmut           ###.......   63%         5    ##.....
 Excruciating Wounds      Chrm/Necr      ###.......   63%         5    ##.....
 Metabolic Englaciation   Hex/Ice        ###.......   63%         5    ##.....
 Yara's Violent Unravell  Hex/Tmut       ###.......   63%         5    ##.....
 Deflect Missiles         Chrm/Air       #####.....   63%         6    ####...
 Invisibility             Hex            ###.....     99%         6    ####...
 Simulacrum               Ice/Necr       ###.......   99%         6    ####...
 Ring of Flames           Chrm/Fire      ###.......   100%        7    ######.
 Borgnjor's Revivificati  Necr           ###.......   100%        8    #######
 Summon Horrible Things   Summ           #####.....   100%        8    #######
 Glaciate                 Conj/Ice       #####.....   100%        9    #######


Dungeon Overview and Level Annotations

Branches:
Dungeon (15/15)            Temple (0/1) D:6            Lair (6/6) D:9
  Swamp (1/4) Lair:2        Snake (3/4) Lair:3        Slime (0/5) Lair:6
    Orc (2/2) D:11            Elf (0/3) Orc:2        Vaults (0/5) D:14
 Depths (0/5) D:15

Altars:
Ashenzari
Cheibriados
Dithmenos
Elyvilon
Gozag
Hepliaklqana
Kikubaaqudgha
Makhleb
Sif Muna
Trog
Uskayaw
Wu Jian
Xom
Yredelemnul
Beogh
Jiyva

Shops:
Orc:2 (:}?

Portals:
Trove: D:13 (give 2 scrolls of acquirement)

Annotations:
Lair:2 Yjeari's ghost, journeyman GrMo
Snake:3 Vashnia


Innate Abilities, Weirdness & Mutations

You can spit globs of acid.
Your golden yellow scales are hard. (AC +9)
You cannot fit into any form of body armour.
You have acidic saliva.
You are cold-blooded and may be slowed by cold attacks.
You are resistant to acid. (rCorr)


Message History

Casting: Summon Lightning Spire (safe; 1% risk of failure)
Confirm with . or Enter, or press ? or * to list all spells.
Aiming: Summon Lightning Spire (safe; 1% risk of failure)
Press: ? - help, Dir - move target cursor An electric hum fills the air.
Vashnia shoots an arrow.
The arrow hits your lightning spire!! The arrow freezes your lightning spire.
Your lightning spire is destroyed!
Casting: Summon Lightning Spire (safe; 1% risk of failure)
Confirm with . or Enter, or press ? or * to list all spells.
Aiming: Summon Lightning Spire (safe; 1% risk of failure)
Press: ? - help, Dir - move target cursor An electric hum fills the air.
Vashnia shoots an arrow.
The arrow hits your lightning spire!
As you read the scroll of teleportation, it crumbles to dust.
You feel strangely unstable.
Vashnia shoots an arrow.
The arrow hits your lightning spire!! The arrow freezes your lightning spire.
Your lightning spire is destroyed!
Vashnia shoots an arrow.
The arrow hits you!!
You die...

*****#.........([##
##..# *#......).(##
#..# #..N......##
##.# *
*#.##..)##..# #.#
** **,**#...###.##
##.## ,**
###*,**##.(.#
##.### #....
,,###...,*##.##.##
##..######....
,,#.....###8####.#
##..........#
,,...)[.)((## #@#
##.######..#
,,.......(## *#.#
### ##..
,,...###### *..#
#.. ,,,,**
#..#******* ##.
,,,,,*****
#...,,,,,,*** ***##
****,,,,,**
####***,,,,,***,**
******,**
***,,,,,>,,** **,**
**,,,,,*,,* **,***
*,,,,***,,


You could see Vashnia.

Vanquished Creatures
  An orc warlord (Orc:2)
  Snorg (Orc:1)
  Josephine (Orc:2)
  A fire dragon (Lair:6)
  8 hydras
  4 naga warriors
  4 anacondas
  2 centaur warriors
  2 ogre magi
  2 catoblepae (Lair:3)
  8 two-headed ogres
  3 death yaks
  2 tengu warriors
  3 orc high priests (Orc:2)
  3 shock serpents
  4 naga sharpshooters
  5 skeletal warriors (D:14)
  A fire crab (Lair:6)
  2 unseen horrors
  A swamp dragon (Lair:2)
  A swamp dragon (shapeshifter) (D:14)
  5 orc knights
  A naga ritualist (Snake:1)
  A flayed ghost (D:12)
  A mana viper (Snake:1)
  A manticore (D:12)
  7 salamanders
  4 deep elf magi
  4 orc sorcerers (Orc:2)
  14 ugly things
  A wolf spider (D:15)
  3 cyclopes
  Joseph (Lair:1)
  Maurice (D:10)
  A water nymph (shapeshifter) (D:15)
  6 elephants
  3 naga magi
  18 black mambas
  2 guardian serpents
  2 molten gargoyles (Lair:6)
  A torpor snail (Lair:5)
  5 gargoyles
  13 spiny frogs
  2 kobold demonologists
  An efreet (D:15)
  A yaktaur (shapeshifter) (D:14)
  10 komodo dragons
  3 yaktaurs (D:12)
  A tengu conjurer (D:14)
  A merfolk (D:10)
  5 trolls
  A polar bear (Lair:6)
  A tyrant leech (Lair:2)
  2 hornets
  12 blink frogs
  Prince Ribbit (D:7)
  A bog body (Swamp:1)
  A meliai zombie (D:12)
  11 hippogriffs
  9 slime creatures
  2 shadows
  5 wyverns
  30 yaks
  3 vampires
  A golden eye (shapeshifter) (D:11)
  4 basilisks (Lair:6)
  A spriggan (Swamp:1)
  A fire bat (D:5)
  7 wraiths
  A steam dragon (Lair:6)
  5 vampire mosquitoes
  2 hungry ghosts (D:11)
  A swamp worm (Lair:2)
  3 wargs
  A warg (shapeshifter) (D:15)
  13 nagas
  13 water moccasins
  2 hell hounds (Lair:6)
  9 porcupines
  3 ice beasts
  3 sky beasts
  44 orc warriors
  An eye of draining (D:12)
  4 phantoms
  A hornet zombie (D:13)
  28 ogres
  A necrophage (D:7)
  19 wolves
  9 centaurs
  9 crocodiles
  5 big kobolds
  A gnoll sergeant (D:11)
  10 bullfrogs
  2 wyvern zombies
  15 killer bees
  7 scorpions
  5 wights (D:10)
  5 howler monkeys
  5 electric eels
  11 crimson imps
  5 lava snakes (Lair:6)
  A bullfrog zombie (D:11)
  4 centaur zombies
  A quasit (D:11)
  3 centaur skeletons
  2 jellies
  9 hounds
  24 orc priests
  21 orc wizards
  A bullfrog skeleton (D:12)
  8 iguanas
  Ijyb (D:2)
  10 worker ants
  A hound zombie (D:11)
  A hound skeleton (D:7)
  4 worker ant zombies (D:11)
  2 howler monkey zombies
  14 gnolls
  2 howler monkey skeletons
  14 adders
  An adder (shapeshifter) (D:14)
  5 shadow imps
  2 oozes
  An adder skeleton (D:4)
  6 worms
  6 dart slugs
  6 leopard geckos
  117 orcs
  2 giant cockroaches
  2 gnoll zombies (D:5)
  9 hobgoblins
  8 jackals
  4 quokkas
  6 bats
  5 frilled lizards
  13 goblins
  17 kobolds
  A leopard gecko skeleton (D:4)
  A quokka skeleton (D:9)
  6 rats
  4 fungi
859 creatures vanquished.

Vanquished Creatures (collateral kills)
  A naga warrior (Snake:3)
  A two-headed ogre (D:14)
  2 orc high priests (Orc:2)
  A naga sharpshooter (Snake:3)
  A mana viper (Snake:1)
  A deep elf mage (D:15)
  4 ugly things
  2 salamanders
  2 black mambas
  A centaur zombie (D:15)
  A kobold demonologist (D:15)
  A troll (D:15)
  A hornet (Swamp:1)
  4 nagas
  7 orc warriors (Orc:2)
  3 ogres
  A big kobold (D:15)
  A bullfrog (D:14)
  3 orc priests (Orc:2)
  2 orc wizards (Orc:1)
  13 orcs
  2 kobolds (D:15)
55 creatures vanquished.

Vanquished Creatures (others)
  A hell hound (Lair:6)
  A quokka (D:7)
  16 fungi
  A plant (Lair:6)
19 creatures vanquished.

Grand Total: 933 creatures vanquished

Notes
Turn   | Place    | Note
-------+----------+-------------------------------------------
     0 | D:1      | McKennaii the Draconian Conjurer began the quest for the
                  | Orb.
     0 | D:1      | Reached XP level 1. HP: 14/14 MP: 3/3
   290 | D:1      | Reached XP level 2. HP: 20/20 MP: 0/5
  1063 | D:1      | Reached XP level 3. HP: 26/26 MP: 3/6
  1576 | D:2      | Reached skill level 5 in Conjurations
  1953 | D:2      | Reached XP level 4. HP: 33/33 MP: 2/8
  2287 | D:3      | Learned a level 4 spell: Iskenderun's Mystic Blast
  2386 | D:3      | Reached skill level 3 in Spellcasting
  2648 | D:3      | Noticed Ijyb
  2835 | D:2      | Killed Ijyb
  3105 | D:2      | Reached XP level 5. HP: 20/38 MP: 0/10
  4195 | D:4      | Reached skill level 4 in Spellcasting
  4391 | D:4      | Reached XP level 6. HP: 46/46 MP: 5/12
  4706 | D:4      | Found a hide-covered altar of Uskayaw.
  4733 | D:4      | Found an ancient bone altar of Kikubaaqudgha.
  4743 | D:4      | Found a snail-covered altar of Cheibriados.
  5156 | D:4      | Reached skill level 5 in Spellcasting
  5221 | D:4      | HP: 1/46 [orc wizard/+0 dagger (2)]
  5261 | D:4      | Your scales start taking on a golden yellow colour.
  5261 | D:4      | Reached XP level 7. HP: 45/51 MP: 5/14
  5261 | D:4      | Gained mutation: You are resistant to acid. (rCorr) [Yellow
                  | Draconian growth]
  5573 | D:4      | Found a shimmering blue altar of Sif Muna.
  5665 | D:4      | Became a worshipper of Sif Muna the Loreminder
  5680 | D:5      | Entered Level 5 of the Dungeon
  5692 | D:5      | Reached skill level 1 in Fighting
  5906 | D:5      | Learned a level 4 spell: Force Lance
  6079 | D:5      | Reached skill level 6 in Spellcasting
  6336 | D:5      | Found a shimmering altar of Xom.
  6362 | D:5      | Paralysed by a crimson imp for 7 turns
  6387 | D:5      | Reached XP level 8. HP: 30/59 MP: 1/17
  6620 | D:5      | Reached * piety under Sif Muna
  6678 | D:5      | Found a basalt altar of Yredelemnul.
  6754 | D:5      | Found an opulent altar of Gozag.
  6852 | D:5      | Found a transporter.
  7012 | D:5      | Found a transporter.
  7173 | D:5      | Reached skill level 7 in Spellcasting
  7775 | D:6      | Found a transporter.
  7799 | D:6      | Found a staircase to the Ecumenical Temple.
  8172 | D:6      | Found a transporter.
  8203 | D:6      | Reached skill level 8 in Spellcasting
  8630 | D:6      | Reached XP level 9. HP: 67/67 MP: 11/21
  9070 | D:7      | Reached skill level 1 in Shields
  9175 | D:7      | Reached ** piety under Sif Muna
  9384 | D:7      | Found a bloodstained altar of Trog.
  9629 | D:7      | Found a white marble altar of Elyvilon.
  9692 | D:7      | Found a burning altar of Makhleb.
  9699 | D:7      | Reached skill level 9 in Spellcasting
 10200 | D:7      | Noticed Prince Ribbit
 10206 | D:7      | Killed Prince Ribbit
 10671 | D:8      | Found a shattered altar of Ashenzari.
 11321 | D:8      | Reached *** piety under Sif Muna
 11339 | D:8      | Reached XP level 10. HP: 39/74 MP: 4/23
 11528 | D:8      | Found a shadowy altar of Dithmenos.
 11832 | D:9      | Reached skill level 10 in Spellcasting
 12318 | D:9      | Found a staircase to the Lair.
 13626 | D:9      | Found an ornate altar of the Wu Jian Council.
 13858 | D:10     | Entered Level 10 of the Dungeon
 14424 | D:10     | Noticed a two-headed ogre
 14430 | D:10     | Killed a two-headed ogre
 14430 | D:10     | Reached skill level 11 in Spellcasting
 14669 | D:10     | Noticed Maurice
 14672 | D:10     | Killed Maurice
 15014 | D:10     | Reached **** piety under Sif Muna
 15231 | D:11     | Noticed a cyclops
 15235 | D:11     | Killed a cyclops
 15235 | D:11     | Reached XP level 11. HP: 52/82 MP: 13/26
 15522 | D:11     | Noticed an orc knight
 15768 | D:11     | Reached skill level 5 in Dodging
 16303 | D:11     | Reached skill level 12 in Spellcasting
 16309 | D:11     | Reached ***** piety under Sif Muna
 16309 | D:11     | Identified Sif Muna's Tome of Mutagenic Battle Magic (Sif
                  | Muna gifted it to you on level 11 of the Dungeon)
 16309 | D:11     | Received a gift from Sif Muna
 16831 | D:11     | Killed an unseen horror
 16935 | D:11     | Killed an orc knight
 16935 | D:11     | Reached skill level 10 in Conjurations
 17141 | D:11     | Found a staircase to the Orcish Mines.
 18053 | D:11     | Noticed a brown ugly thing
 18059 | D:11     | Killed a brown ugly thing
 18365 | D:12     | Noticed a white ugly thing
 18509 | Orc:1    | Entered Level 1 of the Orcish Mines
 18515 | Orc:1    | Noticed Snorg
 18689 | D:12     | Noticed a deep elf mage
 18697 | D:11     | Killed a deep elf mage
 18921 | D:12     | Reached XP level 12. HP: 92/92 MP: 20/28
 18926 | D:12     | Reached skill level 13 in Spellcasting
 20223 | D:12     | Found a hazy altar of Hepliaklqana.
 20632 | D:13     | Identified the +0 scale mail of Catatonia {rPois rC+ Str-5}
 20960 | D:13     | Found a portal to a secret trove of treasure.
 21493 | D:13     | Noticed a centaur warrior
 21603 | D:13     | Killed a centaur warrior
 21605 | D:13     | Noticed a six-headed hydra
 21636 | D:13     | Killed a six-headed hydra
 22264 | D:14     | Reached skill level 5 in Fighting
 22622 | D:14     | Reached skill level 14 in Spellcasting
 23411 | D:14     | Got a pair of faintly humming gloves
 23412 | D:14     | Identified the +0 pair of gloves of the Valley of Death
                  | {rElec rF+ Dex+2} (You found it on level 14 of the Dungeon)
 23430 | D:14     | Learned a level 5 spell: Lightning Bolt
 23435 | D:14     | Learned a level 4 spell: Summon Lightning Spire
 23517 | D:14     | Noticed a tengu warrior
 23551 | D:14     | Noticed a tengu warrior
 23551 | D:14     | Noticed a centaur warrior
 23551 | D:14     | Noticed a dire elephant
 23805 | Lair:1   | Entered Level 1 of the Lair of Beasts
 23811 | Lair:1   | Noticed Joseph
 24148 | Lair:1   | Killed Joseph
 24148 | Lair:1   | Reached skill level 1 in Air Magic
 24315 | Lair:1   | Noticed a four-headed hydra
 24321 | Lair:1   | Killed a four-headed hydra
 24321 | Lair:1   | Reached XP level 13. HP: 101/101 MP: 10/31
 25921 | Lair:2   | Found a staircase to the Swamp.
 27110 | Lair:2   | Got a fine shield
 27332 | Lair:3   | Found a runed translucent door.
 27334 | Lair:3   | Noticed Yjeari's ghost (journeyman GrMo)
 27482 | Lair:3   | Found a staircase to the Snake Pit.
 27989 | Lair:3   | Identified Sif Muna's Catalogue of the Cloudy Escort (Sif
                  | Muna gifted it to you on level 3 of the Lair of Beasts)
 27989 | Lair:3   | Received a gift from Sif Muna
 29073 | Lair:4   | Reached skill level 15 in Spellcasting
 29493 | Lair:4   | Identified the +2 shield of Tujud {Str+4} (You found it on
                  | level 2 of the Lair of Beasts)
 32604 | Lair:6   | Entered Level 6 of the Lair of Beasts
 33888 | Lair:6   | Gained mutation: You have acidic saliva. [Yellow Draconian
                  | growth]
 33888 | Lair:6   | Reached XP level 14. HP: 87/110 MP: 5/33
 33991 | Lair:6   | Got a brightly glowing mace
 33992 | Lair:6   | Identified the +9 mace "Mupomiuz" {freeze, rPois rC- Str+7}
                  | (You found it on level 6 of the Lair of Beasts)
 35434 | Lair:6   | Identified Sif Muna's Volume of Captivating Conjuration
                  | (Sif Muna gifted it to you on level 6 of the Lair of
                  | Beasts)
 35434 | Lair:6   | Received a gift from Sif Muna
 35821 | Lair:6   | Found a viscous altar of Jiyva.
 35821 | Lair:6   | Found a staircase to the Slime Pits.
 36081 | Lair:6   | Reached skill level 1 in Summonings
 36315 | Lair:6   | Found a large runed translucent door.
 36315 | Lair:6   | Found a large runed translucent door.
 36609 | Lair:6   | Reached skill level 16 in Spellcasting
 37807 | D:12     | Identified the Almanac of the Ten Spirits
 38216 | D:15     | Entered Level 15 of the Dungeon
 38399 | D:14     | Reached skill level 5 in Air Magic
 39012 | D:13     | Reached skill level 1 in Evocations
 39530 | D:14     | Found a gate to the Vaults.
 41648 | D:14     | Identified Uhiatruw's Incunabulum of Cold (Sif Muna gifted
                  | it to you on level 14 of the Dungeon)
 41648 | D:14     | Received a gift from Sif Muna
 42329 | D:14     | Reached XP level 15. HP: 102/116 MP: 3/35
 43128 | D:15     | Found a staircase to the Depths.
 43365 | Orc:1    | Killed Snorg
 43693 | Orc:2    | Entered Level 2 of the Orcish Mines
 44984 | Orc:2    | Reached skill level 17 in Spellcasting
 45581 | Orc:2    | Noticed Josephine
 45585 | Orc:2    | Reached skill level 5 in Summonings
 45600 | Orc:2    | Killed Josephine
 46006 | Orc:2    | Identified Sif Muna's Guide on Darkness and Enchantment
                  | (Sif Muna gifted it to you on level 2 of the Orcish Mines)
 46006 | Orc:2    | Received a gift from Sif Muna
 46147 | Orc:2    | Found a staircase to the Elven Halls.
 46319 | Orc:2    | Noticed an orc warlord
 46995 | Orc:2    | Found a roughly hewn altar of Beogh.
 47498 | Orc:2    | Found Omeull's Antique Weapon Boutique.
 47661 | Orc:2    | Found Acoitamp's Book Shop.
 48134 | Orc:2    | Killed an orc warlord
 48587 | Orc:2    | Found a roughly hewn altar of Beogh.
 48805 | Orc:2    | Found Lalairchi's Magic Scroll Shop.
 48914 | Orc:2    | Bought a scroll of identify for 26 gold pieces
 48914 | Orc:2    | Bought a scroll of identify for 26 gold pieces
 48914 | Orc:2    | Bought a scroll of identify for 26 gold pieces
 48914 | Orc:2    | Bought a scroll of identify for 26 gold pieces
 48914 | Orc:2    | Bought a scroll of fog for 26 gold pieces
 48914 | Orc:2    | Bought a scroll of teleportation for 39 gold pieces
 48914 | Orc:2    | Bought a scroll of teleportation for 39 gold pieces
 49122 | Orc:2    | Found Uluwoaqi's Gadget Shoppe.
 49632 | Orc:1    | Identified Sif Muna's Disquisition on Helpful Contamination
                  | (Sif Muna gifted it to you on level 1 of the Orcish Mines)
 49632 | Orc:1    | Received a gift from Sif Muna
 49653 | Orc:1    | Learned a level 8 spell: Chain Lightning
 50228 | Swamp:1  | Entered Level 1 of the Swamp
 51389 | Snake:1  | Entered Level 1 of the Snake Pit
 52999 | Snake:1  | You fall into a shaft and drop 1 floor!
 54040 | Snake:2  | Reached XP level 16. HP: 124/124 MP: 20/37
 54919 | Snake:2  | Reached skill level 18 in Spellcasting
 55683 | Snake:3  | Noticed Vashnia
 56815 | Snake:3  | HP: 4/124 [Vashnia/arrow (9)]
 56822 | Snake:3  | Shot with an arrow by Vashnia

Levels and vault maps discovered:
D:1:      dpeg_arrival_pits, layout_loops_corners
D:2:      layout_rooms
D:3:      layout_basic, uniq_ijyb
D:4:      layout_cave_pools, led_sif_pool, minmay_overflow_temple_star_quad,
          first_ration, solitary_fountain
D:5:      gammafunk_cloud_chamber, layout_gridville, led_xom_imps,
          lemuel_zombie_altar_yredelemnul, grunt_gozag_breadcrumbs
D:6:      gammafunk_steamed_eel, layout_rooms, minmay_temple_entry_slanted,
          hangedman_glass_teeth
D:7:      layout_gridville, makhleb_blood_cavern_becter, elyvilon_altar_4,
          kennysheep_mini, uniq_prince_ribbit1
D:8:      layout_loops_ring, lemuel_doored_altar, lemuel_crystal_altar
D:9:      layout_stronghold, kennysheep_little_box,
          grunt_lair_entry_orc_guard_hut, minmay_increasing_density
D:10:     layout_loops_cross, hangedman_fish_farm, uniq_maurice
D:11:     cheibrodos_ideogram_h, layout_loops_corners, special_room
          [special_room_orc], enter_bailey_3
D:12:     layout_loops_ring, basic_altar, onia_ninara_dug_in_and_dangerous
D:13:     kennysheep_blocky_room, layout_basic, enter_trove_3
D:14:     layout_stronghold, david_vaults_2, chequers_serial_rivers_room_b
D:15:     hangedman_depths_entry_try_elsewhere_first, layout_small_grid,
          hex_medium, serial_glass, glass_columns_b, glass_columns_c,
          glass_columns_a, glass_columns_c, glass_columns_a, glass_columns_b,
          glass_columns_b, glass_columns_c, glass_columns_b, glass_columns_b
Lair:1:   layout_loops_ring, uniq_joseph
Lair:2:   layout_small_grid, minmay_swamp_entry_worms, fungi_pond_lemuel,
          st_stairs_13
Lair:3:   layout_cave_pods, minmay_snake_entry_guardpost_small,
          ebering_ghost_inner_flame
Lair:4:   layout_small_grid
Lair:5:   layout_loops_ring
Lair:6:   cheibrodos_lair_end_hotspot, layout_regular_city,
          dpeg_slime_entry_enclosed_altar
Swamp:1:  layout_basic_swamp, serial_swamp_ruin, evilmike_swamp_ruin_house_2,
          hangedman_swamp_ruin_wall, uniq_roxanne
Snake:1:  layout_onion_interference
Snake:2:  layout_cave_pods
Snake:3:  layout_layer_cave, uniq_vashnia
Orc:1:    layout_caves, mines4_lemuel, uniq_snorg
Orc:2:    pubby_orc_utopia, uniq_josephine

Skill      XL: |  1  2  3  4  5  6  7  8  9 10 11 12 13 14 15 16 |
---------------+-------------------------------------------------+-----
Conjurations   | 5 6 7 8 9 10 11 12 13 14 | 14.2
Spellcasting   | 3 4 5 6 8 9 11 12 14 15 16 17 18 | 18.1
Dodging        | 2 3 4 5 7 8 |  8.6
Stealth        | 2 3 4 |  4.8
Fighting       | 1 2 3 4 5 6 |  6.9
Shields        | 3 4 |  4.1
Air Magic      | 1 4 5 7 8 |  8.5
Summonings     | 4 5 |  5.0
Evocations     | 1 |  1.2
Maces & Flails | |  0.5

Action                   |  1- 3 |  4- 6 |  7- 9 | 10-12 | 13-15 | 16-18 || total
-------------------------+-------+-------+-------+-------+-------+-------++-------
Melee: Unarmed           |    82 |    25 |       |       |       |       ||   107
       Tailslap          |     5 |    11 |    13 |    29 |    38 |     6 ||   102
       Short sword       |       |    88 |   146 |    32 |       |       ||   266
       Flail             |       |       |       |   276 |   312 |       ||   588
       Bite              |       |       |       |       |    32 |     2 ||    34
       Mace              |       |       |       |       |    15 |    36 ||    51
 Cast: Magic Dart        |    88 |   248 |   319 |   227 |   220 |    11 ||  1113
       Iskenderun's Myst |       |       |    62 |   344 |   861 |    63 ||  1330
       Summon Lightning  |       |       |       |       |    49 |    18 ||    67
       Lightning Bolt    |       |       |       |       |    73 |    22 ||    95
       Force Lance       |       |       |       |       |     1 |       ||     1
 Abil: Breathe Acid      |       |       |     5 |    51 |    86 |     4 ||   146
Evoke: Wand              |       |       |     2 |     5 |     8 |       ||    15
       Phial of floods   |       |       |       |       |     1 |       ||     1
  Use: Potion            |     2 |     4 |     2 |     1 |    15 |     1 ||    25
       Scroll            |       |       |    10 |     8 |    23 |     6 ||    47
 Stab: Sleeping          |       |       |     1 |       |     1 |       ||     2
       Petrified         |       |       |       |       |     3 |       ||     3
       Distracted        |       |       |       |       |     2 |     2 ||     4
  Eat: Chunk             |     5 |    10 |    30 |    69 |    96 |     4 ||   214
       Ration            |       |       |     1 |       |     2 |     2 ||     5
Armor: Skin              |    21 |    70 |    95 |   247 |   312 |    18 ||   763
Dodge: Dodged            |    70 |    95 |   117 |   421 |   630 |    48 ||  1381
Block: Buckler           |       |       |    23 |   140 |   212 |    26 ||   401
       Reflection        |       |       |       |       |       |     2 ||     2
